 Dungeon Sprint DCSS version 0.22.1-1-ga44c0e56f4 (webtiles) character file.

111 Freyura the Skirmisher (level 5, -4/47 HPs)
             Began as a Formicid Monk on Oct 15, 2018.
             Was a Priest of Qazlal.
             Slain by Zichyn the pandemonium lord (25 damage)
             ... in the Dungeon (Sprint V: "Ziggurat Sprint").
             The game lasted 00:04:42 (281 turns).

Freyura the Skirmisher (Formicid Monk)               Turns: 281, Time: 00:04:43

Health: -4/47      AC: 18    Str: 28    XL:     5   Next: 15%
Magic:  9/9        EV:  3    Int:  9    God:    Qazlal [***...]
Gold:   0          SH: 23    Dex: 14    Spells: 10/10 levels left

rFire    + + +     SeeInvis +   E - +7 great mace "Firestarter" {inner flame, rF++}
rCold    + . .     Gourm    .   G - +3 large shield
rNeg     . . .     Faith    .   H - +5 gold dragon scales
rPois    +         Spirit   .   (helmet unavailable)
rElec    .         Reflect  .   (no cloak)
rCorr    .         Harm     .   (no gloves)
MR       .....                  (no boots)
Stlth    ..........             (no amulet)
HPRegen  0.15/turn              C - +6 ring of strength
MPRegen  0.11/turn              D - +6 ring of strength

@: no status effects
A: permanent stasis, dig shafts and tunnels, four strong arms, antennae 3
a: Dig, Upheaval, Elemental Force, Renounce Religion


You were in the Dungeon.
You worshipped Qazlal.
Qazlal was most pleased with you.
You were not hungry.

You visited 1 branch

Inventory:

Hand Weapons
 E - the +7 great mace "Firestarter" (weapon) {inner flame, rF++}
   (You found it in the Dungeon)

   It has been specially enchanted to burn those struck by it, causing extra
   injury to most foes and up to half again as much damage against particularly
   susceptible opponents.
   It greatly protects you from fire.
 F - the +6 shillelagh "Devastator" {shatter}
   (You found it in the Dungeon)
Armour
 a - a +4 plate armour of positive energy
 G - a +3 large shield (worn)
 H - +5 gold dragon scales (worn)
Jewellery
 y - a +6 ring of dexterity
 z - a +6 ring of dexterity
 A - a +6 ring of intelligence
 B - a +6 ring of intelligence
 C - a +6 ring of strength (left hand)
 D - a +6 ring of strength (right hand)
Wands
 v - a wand of disintegration (7)
 w - a wand of iceblast (7)
 x - a wand of acid (7)
Scrolls
 i - 4 scrolls of blinking
 p - 4 scrolls of amnesia
 q - 7 scrolls of fog
 r - a scroll of holy word
 s - 5 scrolls of identify
 t - 5 scrolls of remove curse
 u - 2 scrolls of fear
Potions
 d - 10 potions of curing
 e - 10 potions of heal wounds
 f - 6 potions of haste
 g - 7 potions of magic
 h - 3 potions of berserk rage
 j - 2 potions of brilliance
 k - 2 potions of invisibility
 l - 4 potions of resistance
 n - 5 potions of agility
 o - 5 potions of might
Comestibles
 c - 7 rations


   Skills:
 + Level 6.4 Fighting
 + Level 6.3 Maces & Flails
 + Level 3.3 Armour
 + Level 4.3 Dodging
 + Level 3.0 Stealth
 + Level 3.8 Shields
 + Level 3.0 Spellcasting
 * Level 2.0 Invocations


You had 10 spell levels left.
You didn't know any spells.
Your spell library was empty.

Dungeon Overview and Level Annotations

Branches:
Dungeon (1/1)

Altars:
Ashenzari
Cheibriados
Dithmenos
Elyvilon
Fedhas
Gozag
Hepliaklqana
Kikubaaqudgha
Makhleb
Nemelex Xobeh
Okawaru
Qazlal
Ru
Sif Muna
Trog
Uskayaw
Vehumet
Wu Jian
Xom
Yredelemnul
Zin
The Shining One
Beogh
Jiyva
Lugonu

Annotations:
D 1 transporter


Innate Abilities, Weirdness & Mutations

You cannot be hasted, slowed, berserked, paralysed or teleported.
You can dig through walls and to a lower floor.
Your four strong arms can wield two-handed weapons with a shield.
You have a pair of large antennae on your head. (SInv)


Message History

Welcome to arena 3.
You enter the transporter and appear at another place.
A crimson imp, a white imp, a sixfirhy and a pandemonium lord come into view.
The crimson imp shouts!
Zichyn buzzes, "I will feast on thy sanity!"
The white imp shouts, "Slither away, thou clouted crook-pated dingleberry!"
The crimson imp picks up a +2 spear of venom.
The crimson imp wields a +2 spear of venom.
It begins to drip with poison!
Found three items.
Found a transporter.
The sixfirhy hits you but does no damage.
You block the sixfirhy's attack.
You closely miss the sixfirhy.
The sixfirhy hits you but does no damage.
You block the sixfirhy's attack. You block Zichyn's attack. x2
You barely miss the sixfirhy.
Zichyn sneers, "Abandon hope, thou bumbling motley-minded jarkman!"
Zichyn hits you!! Space bends around you. Zichyn hits you!!
Ouch! That really hurt!
You die...

▓▓▓▓▓▓▓▓▓▓▓▓▓▓▓▓▓▓▓
▓.8©8.▓.8©8.▓.8©8.▓
▓..?).▓.:.).▓.....▓
▓.5|..▓.....▓.)...▓
▓..5..▓.....▓.))..▓
▓.&3..▓...).▓.....▓
▓..@§.▓.....▓..©..▓
▓..©..▓..©..▓▓▓▓▓▓▓
▓▓▓▓▓▓▓▓▓▓▓▓▓ {{{
{{{ { { {


You could see Zichyn, a sixfirhy, a crimson imp and a white imp.

Vanquished Creatures
  A crimson imp (D)
  2 orc wizards (D)
  A shadow imp (D)
  An ufetubus (D)
5 creatures vanquished.

Notes
Turn   | Place    | Note
-------+----------+-------------------------------------------
     0 | D        | Found the +6 Majin-Bo {vamp, Archmagi MP+6 Int+6}
     0 | D        | Found the +7 great mace "Firestarter" {inner flame, rF++}
     0 | D        | Freyura the Formicid Monk began the quest for the Orb.
     0 | D        | Reached XP level 1. HP: 18/18 MP: 1/1
     0 | D        | Found a deep blue altar of Sif Muna.
     0 | D        | Found a sacrificial altar of Ru.
     0 | D        | Found a bloodstained altar of Trog.
     0 | D        | Found a stormy altar of Qazlal.
     0 | D        | Found an iron altar of Okawaru.
     0 | D        | Found a sparkling altar of Nemelex Xobeh.
     0 | D        | Found a blossoming altar of Fedhas.
     2 | D        | Found a transporter.
     2 | D        | Found an ancient bone altar of Kikubaaqudgha.
     2 | D        | Found a viscous altar of Jiyva.
     2 | D        | Found a corrupted altar of Lugonu.
     2 | D        | Found a hazy altar of Hepliaklqana.
     2 | D        | Found a burning altar of Makhleb.
     2 | D        | Found an opulent altar of Gozag.
    22 | D        | Found the +9 heavy crossbow "Sniper" {velocity, Acc+∞ SInv}
    22 | D        | Found the +10 dark maul {crush}
    22 | D        | Found the +15 Maxwell's patent armour {-Cast -Tele rElec
                  | MR+ rCorr}
    22 | D        | Found the +18 shield of the Gong {rElec rN+ MR+ EV-5}
    22 | D        | Found the cursed +14 obsidian axe {chop, +Fly SInv *Curse}
    23 | D        | Found the +6 shillelagh "Devastator" {shatter}
    23 | D        | Found the +11 plutonium sword {*Contam Stlth-}
    23 | D        | Found the +8 lance "Wyrmbane" {slay drac, rPois rF+ rC+
                  | AC+3}
    23 | D        | Found the +9 sword of Zonguldrok {reap}
    23 | D        | Found the cursed +13 scythe of Curses {drain, *Curse}
    23 | D        | Found the +0 sword of Power
    23 | D        | Found the +7 mace of Variability {chain chaos}
    23 | D        | Found the +7 Singing Sword
    23 | D        | Found the +7 longbow "Piercer" {penet, EV-2}
    42 | D        | Reached XP level 2. HP: 26/26 MP: 1/6
    51 | D        | Became a worshipper of Qazlal Stormbringer
    51 | D        | Reached * piety under Qazlal
    51 | D        | Reached ** piety under Qazlal
    86 | D        | Entered arena 2.
    86 | D        | Found a transporter.
    88 | D        | Reached skill level 5 in Fighting
    88 | D        | Reached skill level 5 in Maces & Flails
    88 | D        | Reached XP level 3. HP: 33/33 MP: 5/7
    91 | D        | Reached XP level 4. HP: 18/40 MP: 5/8
   262 | D        | Entered arena 3.
   262 | D        | Found a transporter.
   265 | D        | Reached *** piety under Qazlal
   272 | D        | Reached XP level 5. HP: 47/47 MP: 9/9
   278 | D        | Entered arena 4.
   278 | D        | Noticed a sixfirhy
   278 | D        | Noticed Zichyn the pandemonium lord
   278 | D        | Found a transporter.
   281 | D        | Slain by Zichyn the pandemonium lord

Skill      XL: |  1  2  3  4 |
---------------+-------------+-----
Fighting       | 4 5 6 |  6.4
Maces & Flails | 4 5 6 |  6.3
Armour         | 3 |  3.3
Shields        | 3 |  3.8
Spellcasting   | 3 |  3.0
Dodging        | 3 4 |  4.3
Stealth        | 3 |  3.0
Invocations    | 2 |  2.0

Action                   |  1- 3 |  4- 6 || total
-------------------------+-------+-------++-------
Melee: Great mace        |     4 |     9 ||    13
  Use: Potion            |     1 |       ||     1
Armor: Gold dragon scale |     2 |     2 ||     4
Block: Large shield      |     4 |     9 ||    13
